 Dungeon Crawl Stone Soup version 0.25-a0-410-g53dbb631d1 (webtiles) character file.

Game seed: 12380185563763384441, levelgen mode: deterministic

85294 MrRokkomies the Impaler (level 15, -4/121 (122) HPs)
             Began as a Barachi Fighter on Jan 13, 2020.
             Was the Champion of Cheibriados.
             Slain by a cyan ugly thing (14 damage)
             ... on level 14 of the Dungeon.
             The game lasted 01:14:23 (18715 turns).

MrRokkomies the Impaler (Barachi Fighter)          Turns: 18715, Time: 01:14:25

HP:   -4/121 (122)  AC: 33    Str: 34    XL:     15   Next: 83%
MP:   13/23         EV: 19    Int: 27    God:    Cheibriados [******]
Gold: 2279          SH:  0    Dex: 28    Spells: 8/14 levels left

rFire    . . .     SeeInvis .   a - +0 glaive (flame)
rCold    . . .     Gourm    .   (shield currently unavailable)
rNeg     . . .     Faith    .   s - +1 shadow dragon scales
rPois    +         Spirit   .   j - +2 hat
rElec    .         Reflect  .   I - +0 cloak
rCorr    .         Harm     .   g - +1 pair of gloves
MR       +....                  J - +2 pair of boots
Stlth    +++.......             F - amulet of regeneration
HPRegen  0.70/turn              N - ring of poison resistance
MPRegen  0.18/turn              B - ring of Robustness {AC+8}

@: very slow
A: +LOS, swims, slowness 1, strong legs 2
a: Hop, Bend Time, Temporal Distortion, Slouch, Step From Time, Renounce
Religion


You were on level 14 of the Dungeon.
You worshipped Cheibriados.
Cheibriados was exalted by your worship.
You were not hungry.

You visited 3 branches of the dungeon, and saw 22 of its levels.
You also visited: Ice Cave.

You collected 2279 gold pieces.

Inventory:

Hand Weapons
 a - a +0 glaive of flaming (weapon)
 b - a +0 arbalest of venom
Missiles
 m - 62 poisoned darts (quivered)
 z - 259 bolts
 L - a curare-tipped dart
 O - 3 throwing nets
Armour
 g - a +1 pair of gloves (worn)
 j - a +2 hat (worn)
 s - +1 shadow dragon scales (worn)
 I - a +0 cloak (worn)
 J - a +2 pair of boots (worn)
Jewellery
 c - the ring of Ogux {rN+ EV+1 Dex+3}
   (You found it on level 6 of the Lair of Beasts)

   [ring of evasion]

   It affects your evasion (+1).
   It affects your dexterity (+3).
   It protects you from negative energy.
 o - an uncursed ring of protection from magic
 B - the ring of Robustness (right hand) {AC+8}
   (You found it on level 8 of the Dungeon)

   [ring of protection]

   It affects your AC (+8).
 F - an amulet of regeneration (around neck)
 N - a ring of poison resistance (left hand)
 X - a +4 ring of evasion
Wands
 k - a wand of clouds (3)
 p - a wand of polymorph (9)
 H - a wand of acid (1)
 M - a wand of paralysis (18)
 P - a wand of digging (1)
 Q - a wand of enslavement (9)
 S - a wand of iceblast (9)
 V - a wand of scattershot (2)
 Y - a wand of disintegration (9)
Scrolls
 r - 6 scrolls of remove curse
 u - 8 scrolls of identify
 w - 3 scrolls of blinking
 y - a scroll of magic mapping
 D - 7 scrolls of teleportation
 E - 3 scrolls of enchant weapon
 U - 2 scrolls of summoning
 W - 2 scrolls of amnesia
Potions
 d - 3 potions of might
 e - 3 potions of flight
 h - 7 potions of lignification
 i - 11 potions of curing
 l - a potion of magic
 n - 6 potions of heal wounds
 t - 4 potions of brilliance
 v - 4 potions of cancellation
 x - 2 potions of ambrosia
 A - 2 potions of mutation
 C - a potion of resistance
 G - a potion of agility
 Z - a potion of invisibility
Miscellaneous
 K - 3 boxes of beasts
 R - a lamp of fire
Comestibles
 f - 37 rations


   Skills:
 * Level 12.9 Fighting
 * Level 16.3 Polearms
 - Level 10.3 Armour
 - Level 10.1 Dodging
   Level 3.2 Shields
 + Level 5.4 Summonings
 - Level 9.0 Translocations
 + Level 11.1 Invocations


You had 8 spell levels left.
You knew the following spells:

 Your Spells              Type           Power        Failure   Level  Hunger
a - Blink                 Tloc           N/A          1%          2    ###....
b - Summon Lightning Spi  Summ/Air       ##......     78%         4    #####..

Your spell library contained the following spells:

 Spells                   Type           Power        Failure   Level  Hunger
 Recall                   Summ/Tloc      N/A          6%          3    ####...
 Call Imp                 Summ           ####....     7%          2    ###....
 Corona                   Hex            #......      36%         1    ##.....
 Foxfire                  Conj/Fire      #...         36%         1    ##.....
 Magic Dart               Conj           #...         36%         1    ##.....
 Shock                    Conj/Air       #...         36%         1    ##.....
 Ensorcelled Hibernation  Hex/Ice        #.....       52%         2    ###....
 Poisonous Vapours        Pois/Air       #.....       52%         2    ###....
 Slow                     Hex            #.......     52%         2    ###....
 Sublimation of Blood     Necr           #.........   52%         2    ###....
 Swiftness                Chrm/Air       #.......     52%         2    ###....
 Confusing Touch          Hex            #.......     75%         3    ####...
 Conjure Flame            Conj/Fire      #.......     75%         3    ####...
 Dazzling Flash           Conj/Hex       #.....       75%         3    ####...
 Ignite Poison            Fire/Tmut/Pois #.......     75%         3    ####...
 Inner Flame              Hex/Fire       #.......     75%         3    ####...
 Mephitic Cloud           Conj/Pois/Air  #.......     75%         3    ####...
 Static Discharge         Conj/Air       #.......     75%         3    ####...
 Tukima's Dance           Hex            #.......     75%         3    ####...
 Airstrike                Air            #.........   98%         4    #####..
 Animate Dead             Necr           N/A          98%         4    #####..
 Petrify                  Tmut/Erth      #.......     98%         4    #####..
 Sticky Flame             Conj/Fire      #.......     98%         4    #####..
 Alistair's Intoxication  Tmut/Pois      #.......     100%        5    ######.
 Bolt of Magma            Conj/Fire/Erth #.........   100%        5    ######.
 Borgnjor's Vile Clutch   Necr/Erth      #.........   100%        5    ######.
 Fireball                 Conj/Fire      #.........   100%        5    ######.
 Irradiate                Conj/Tmut      #.........   100%        5    ######.
 Iskenderun's Battlesphe  Conj/Chrm      #.......     100%        5    ######.
 Lightning Bolt           Conj/Air       #.........   100%        5    ######.
 Silence                  Hex/Air        #.........   100%        5    ######.
 Conjure Ball Lightning   Conj/Air       #.........   100%        6    #######
 Death Channel            Necr           #.........   100%        6    #######
 Deflect Missiles         Chrm/Air       #.........   100%        6    #######
 Eringya's Noxious Bog    Tmut/Pois      #.........   100%        6    #######
 Freezing Cloud           Conj/Ice/Air   #.........   100%        6    #######
 Iron Shot                Conj/Erth      #.........   100%        6    #######
 Simulacrum               Ice/Necr       #.........   100%        6    #######
 Malign Gateway           Summ/Tloc      #####.....   100%        7    #######
 Monstrous Menagerie      Summ           ####......   100%        7    #######
 Orb of Destruction       Conj           #.........   100%        7    #######
 Ring of Flames           Chrm/Fire      #.........   100%        7    #######
 Spellforged Servitor     Conj/Summ      ##........   100%        7    #######
 Summon Greater Demon     Summ           ####......   100%        7    #######
 Summon Horrible Things   Summ           ####......   100%        8    #######
 Tornado                  Air            #.........   100%        9    #######


Dungeon Overview and Level Annotations

Branches:
Dungeon (14/15)            Temple (0/1) D:7            Lair (6/6) D:10
 Shoals (0/4) Lair:4       Spider (0/4) Lair:2        Slime (0/5) Lair:6
    Orc (2/2) D:12            Elf (0/3) Orc:2        Vaults (0/5) D:13
  IceCv (visited)

Altars:
Ashenzari
Cheibriados
Dithmenos
Elyvilon
Gozag
Kikubaaqudgha
Makhleb
Nemelex Xobeh
Qazlal
Uskayaw
Wu Jian
Xom
Yredelemnul
The Shining One
Beogh

Shops:
D:7 (   D:11 }   D:12 !   Orc:2 (=*%

Portals:
Trove: D:11 (give +4 storm dragon scales)

Annotations:
D:3 1 runed translucent door, TimeIsEndless's ghost, amateur GnFi
D:5 3 runed translucent doors, BritishOli's ghost, novice DsGl; D1HalberdGnoll's ghost, novice DrIE


Innate Abilities, Weirdness & Mutations

You can be seen from farther away. (+LOS)
You can swim through water.
You cover ground slowly.
You can hop long distances.


Message History

Cheibriados thoroughly appreciates the change of pace.
The centaur warrior zombie barely misses you.
The cyan ugly thing punches you but does no damage.
The cyan ugly thing barely misses you. The cyan ugly thing kicks you.
The cyan ugly thing shocks you!
* * * LOW HITPOINT WARNING * * *
The centaur warrior zombie hits you but does no damage.
You can feel time thicken for a moment.
You kill the orc warrior!
Cheibriados thoroughly appreciates the change of pace.
You feel somewhat more hungry.
The cyan ugly thing punches you but does no damage.
The cyan ugly thing claws you.
* * * LOW HITPOINT WARNING * * *
The cyan ugly thing shocks you!
* * * LOW HITPOINT WARNING * * *
The cyan ugly thing kicks you.
* * * LOW HITPOINT WARNING * * *
The cyan ugly thing shocks you!
You die...

##...... ........ ........
....... .....## .# .
..).)#####.# . #[.Z......##
7≈≈ # ##.uu......# .P≈≈≈Z#
#.u@u## ..P≈7. #.....##
.....# #......### .
....####..##.....## ## #
.........# ###....###.# .
#........# ##.......# #
##..####..## ##....### ##
##..........#######..##
.###....................####


You could see 4 ugly things and a centaur warrior zombie.

Vanquished Creatures
  A frost giant (IceCv)
  Azrael (D:12)
  Snorg (Orc:2)
  Harold (Lair:2)
  An ice dragon (Lair:6)
  3 hydras
  3 catoblepae
  3 two-headed ogres
  6 centaur warriors
  13 death yaks
  7 orc high priests (Orc:2)
  Sonja (Lair:1)
  5 skeletal warriors
  3 ugly things
  2 orc sorcerers (Orc:1)
  An ice statue (IceCv)
  A gargoyle (D:13)
  A torpor snail (Lair:3)
  4 rime drakes
  Maggie (Lair:2)
  22 spiny frogs
  2 efreet
  A demonic crawler (Lair:2)
  4 yaktaurs (D:13)
  8 komodo dragons
  A guardian mummy (D:11)
  6 trolls
  2 hornets (D:14)
  5 tyrant leeches (Lair:6)
  19 polar bears
  38 blink frogs
  Prince Ribbit (Lair:2)
  2 dream sheep (D:8)
  12 hippogriffs
  8 slime creatures
  2 wyverns
  31 yaks
  2 hungry ghosts
  3 fire elementals (D:12)
  6 basilisks
  8 vampire mosquitoes
  10 wargs
  A steam dragon (D:13)
  4 hell hounds (D:12)
  5 water moccasins
  2 black bears (Lair:1)
  4 porcupines
  13 orc warriors
  5 ice beasts
  A sky beast (D:9)
  7 necrophages
  18 wolves
  A boggart (D:13)
  A phantom (D:5)
  13 centaurs
  4 ogres
  7 crocodiles
  7 big kobolds
  25 bullfrogs
  A wyvern skeleton (D:13)
  4 scorpions
  4 killer bees (D:11)
  15 wights
  A howler monkey (D:8)
  2 crimson imps
  3 bullfrog zombies
  3 hounds
  3 jellies
  38 orc priests
  7 centaur skeletons
  2 centaur zombies
  4 bullfrog skeletons
  15 orc wizards
  4 hell rats (Lair:3)
  An iguana (D:13)
  6 worker ants
  A hound skeleton (D:6)
  2 hound zombies
  A worker ant zombie (D:11)
  6 gnolls
  12 adders
  2 shadow imps
  An ooze (D:4)
  An adder zombie (D:5)
  3 adder skeletons
  2 worms
  A dart slug (D:1)
  4 leopard geckos
  72 orcs
  9 bats
  10 giant cockroaches
  5 goblins
  6 hobgoblins
  14 jackals
  21 kobolds
  4 quokkas
  2 ball pythons
  5 frilled lizards
  A leopard gecko zombie (D:5)
  16 rats
  A plant (Lair:6)
685 creatures vanquished.

Vanquished Creatures (others)
  A water elemental (D:14)
  A sky beast (D:14)
  A centaur (D:7)
  A crimson imp (D:7)
  A hound (D:7)
  2 worker ants (D:7)
  A hound zombie (D:8)
  An adder (D:7)
  4 orcs (D:7)
  A giant cockroach (D:7)
  12 fungi (Lair:6)
  56 plants
82 creatures vanquished.

Grand Total: 767 creatures vanquished

Notes
Turn   | Place    | Note
-------+----------+-------------------------------------------
     0 | D:1      | MrRokkomies the Barachi Fighter began the quest for the
                  | Orb.
     0 | D:1      | Reached XP level 1. HP: 18/18 MP: 1/1
    82 | D:1      | Reached XP level 2. HP: 23/25 MP: 2/2
   292 | D:1      | Reached skill level 1 in Dodging
   394 | D:1      | Reached XP level 3. HP: 30/30 MP: 3/3
   836 | D:2      | Found a faded altar of an unknown god.
   873 | D:2      | Reached skill level 3 in Polearms
  1070 | D:2      | Found a stormy altar of Qazlal.
  1166 | D:2      | Reached XP level 4. HP: 38/38 MP: 4/4
  1206 | D:2      | Found an ornate altar of the Wu Jian Council.
  1333 | D:2      | Found a hide-covered altar of Uskayaw.
  1599 | D:3      | Found a white marble altar of Elyvilon.
  1649 | D:3      | Found a basalt altar of Yredelemnul.
  1650 | D:3      | Noticed a profane servitor
  1675 | D:3      | Found a glowing golden altar of the Shining One.
  1676 | D:3      | Noticed an angel
  2039 | D:3      | Reached skill level 5 in Fighting
  2064 | D:3      | Found a runed translucent door.
  2066 | D:3      | Noticed TimeIsEndless's ghost (amateur GnFi)
  2107 | D:3      | Reached XP level 5. HP: 41/44 MP: 5/5
  2437 | D:4      | Reached skill level 4 in Polearms
  2650 | D:4      | Reached XP level 6. HP: 46/52 MP: 6/6
  2885 | D:4      | Reached XP level 7. HP: 50/59 MP: 7/7
  3098 | D:5      | Entered Level 5 of the Dungeon
  3120 | D:5      | Reached skill level 5 in Polearms
  3343 | D:5      | Found a runed translucent gate.
  3344 | D:5      | Found a runed translucent gate.
  3344 | D:5      | Found a runed translucent gate.
  3358 | D:5      | Noticed BritishOli's ghost (novice DsGl)
  3358 | D:5      | Noticed D1HalberdGnoll's ghost (novice DrIE)
  3477 | D:5      | Reached XP level 8. HP: 60/67 MP: 8/8
  3788 | D:6      | Found a snail-covered altar of Cheibriados.
  3836 | D:6      | Reached skill level 6 in Polearms
  3855 | D:6      | Became a worshipper of Cheibriados the Contemplative
  3872 | D:6      | Found a sparkling altar of Nemelex Xobeh.
  3872 | D:6      | Found an opulent altar of Gozag.
  4631 | D:7      | Reached * piety under Cheibriados
  4808 | D:7      | Noticed a hippogriff
  4820 | D:7      | Killed a hippogriff
  4820 | D:7      | Reached skill level 7 in Polearms
  4842 | D:7      | Noticed a hippogriff
  4863 | D:7      | Killed a hippogriff
  4863 | D:7      | Reached skill level 5 in Dodging
  4863 | D:7      | Reached XP level 9. HP: 19/76 MP: 9/9
  5154 | D:7      | Found a shimmering altar of Xom.
  5211 | D:7      | Found a staircase to the Ecumenical Temple.
  5238 | D:7      | Reached ** piety under Cheibriados
  5402 | D:7      | Found Lienonapt's Weapon Boutique.
  5599 | D:8      | Learned a level 2 spell: Blink
  5668 | D:8      | Reached skill level 8 in Polearms
  5679 | D:8      | Reached skill level 1 in Translocations
  5683 | D:8      | Reached skill level 5 in Armour
  5684 | D:8      | Noticed a two-headed ogre
  5725 | D:8      | Killed a two-headed ogre
  5725 | D:8      | Reached skill level 10 in Fighting
  5924 | D:8      | Found the ring of Robustness {AC+8}
  5955 | D:8      | Noticed an efreet
  5962 | D:8      | Killed an efreet
  5962 | D:8      | Reached XP level 10. HP: 72/86 MP: 10/10
  5992 | D:8      | Noticed a centaur warrior
  6037 | D:8      | Killed a centaur warrior
  6037 | D:8      | Reached skill level 9 in Polearms
  6095 | D:8      | Reached *** piety under Cheibriados
  6295 | D:8      | Noticed a three-headed hydra
  6313 | D:8      | Killed a three-headed hydra
  6313 | D:8      | Reached skill level 10 in Polearms
  6586 | D:8      | Noticed a two-headed ogre
  6597 | D:8      | Killed a two-headed ogre
  6597 | D:8      | Reached skill level 5 in Translocations
  6597 | D:8      | Reached XP level 11. HP: 77/92 MP: 11/11
  7318 | D:9      | Found a shattered altar of Ashenzari.
  7403 | D:9      | Found a shadowy altar of Dithmenos.
  7403 | D:9      | Found an ancient bone altar of Kikubaaqudgha.
  7625 | D:9      | Found a burning altar of Makhleb.
  7842 | D:10     | Entered Level 10 of the Dungeon
  7889 | D:10     | Reached **** piety under Cheibriados
  7997 | D:10     | Found a shadowy altar of Dithmenos.
  8279 | D:10     | Reached ***** piety under Cheibriados
  8292 | D:10     | Found a staircase to the Lair.
  8311 | D:10     | Reached skill level 10 in Armour
  8624 | Lair:1   | Entered Level 1 of the Lair of Beasts
  8642 | Lair:1   | Reached skill level 11 in Polearms
  9006 | Lair:1   | Reached skill level 1 in Invocations
  9381 | Lair:1   | Noticed Sonja
  9389 | Lair:1   | Killed Sonja
  9589 | Lair:2   | Noticed Prince Ribbit
  9595 | Lair:2   | Killed Prince Ribbit
  9595 | Lair:2   | Reached XP level 12. HP: 97/98 MP: 14/14
  9654 | Lair:2   | Noticed Maggie
  9657 | Lair:2   | Noticed Harold
  9674 | Lair:2   | Killed Maggie
  9677 | Lair:2   | Reached skill level 12 in Polearms
  9692 | Lair:2   | Killed Harold
  9789 | Lair:2   | Found a hole to the Spider Nest.
 10008 | Lair:2   | Reached skill level 5 in Invocations
 10491 | Lair:3   | You fall into a shaft and drop 2 floors!
 10505 | Lair:5   | Noticed a death yak
 10505 | Lair:5   | Noticed a death yak
 10505 | Lair:5   | Noticed a death yak
 10505 | Lair:5   | Noticed a death yak
 10505 | Lair:5   | Noticed a death yak
 10507 | Lair:5   | Noticed a death yak
 10600 | Lair:4   | Found a staircase to the Shoals.
 10735 | Lair:4   | Noticed a six-headed hydra
 10742 | Lair:4   | Killed a six-headed hydra
 10857 | Lair:4   | Noticed a catoblepas
 11143 | Lair:4   | Noticed a death yak
 11180 | Lair:4   | Killed a catoblepas
 11180 | Lair:4   | Reached skill level 13 in Polearms
 11180 | Lair:4   | Gained mutation: You can hop long distances. [Barachi
                  | growth]
 11180 | Lair:4   | Reached XP level 13. HP: 53/103 MP: 17/17
 11561 | Lair:5   | Reached ****** piety under Cheibriados
 12318 | Lair:6   | Entered Level 6 of the Lair of Beasts
 12627 | Lair:6   | Found a frozen archway.
 12627 | Lair:6   | Noticed an ice dragon
 12641 | Lair:6   | Killed an ice dragon
 12656 | Lair:6   | Reached skill level 14 in Polearms
 12677 | IceCv    | Entered an ice cave
 12853 | IceCv    | Reached XP level 14. HP: 110/110 MP: 20/20
 13155 | IceCv    | Noticed a frost giant
 13167 | IceCv    | Killed a frost giant
 13852 | Lair:6   | Reached skill level 10 in Invocations
 13905 | Lair:6   | Reached skill level 15 in Polearms
 13914 | Lair:6   | Reached skill level 10 in Dodging
 13918 | Lair:6   | Got a pitted wooden ring
 13953 | Lair:6   | Identified the ring of Ogux {rN+ EV+1 Dex+3} (You found it
                  | on level 6 of the Lair of Beasts)
 14203 | Lair:6   | Found a staircase to the Slime Pits.
 14511 | Lair:6   | Learned a level 4 spell: Summon Lightning Spire
 14736 | D:11     | Found Hytafal's Gadget Boutique.
 14860 | D:11     | Found a portal to a secret trove of treasure.
 15008 | D:11     | Reached skill level 1 in Summonings
 15364 | D:12     | Found Ubucips's Distillery.
 15666 | D:12     | Noticed Azrael
 15674 | D:12     | Reached XP level 15. HP: 96/118 MP: 22/22
 15682 | D:12     | Killed Azrael
 15790 | D:12     | Found a staircase to the Orcish Mines.
 15812 | Orc:1    | Entered Level 1 of the Orcish Mines
 15950 | Orc:2    | Entered Level 2 of the Orcish Mines
 16454 | Orc:2    | Found Juagus's Food Shoppe.
 16454 | Orc:2    | Found Eduvy's Assorted Antiques.
 16694 | Orc:2    | Found a staircase to the Elven Halls.
 16817 | Orc:2    | Found Xuppiupp's Jewellery Shoppe.
 16843 | Orc:2    | Found Vyonlehi's Antique Weapon Shop.
 16905 | Orc:2    | Found a roughly hewn altar of Beogh.
 17011 | Orc:2    | Noticed Snorg
 17019 | Orc:2    | Killed Snorg
 17638 | D:13     | Reached skill level 16 in Polearms
 17951 | D:13     | Found a gate to the Vaults.
 18199 | D:14     | Reached skill level 5 in Summonings
 18715 | D:14     | Slain by a cyan ugly thing

Levels and vault maps discovered:
D:1:      onia_arrival_larder, layout_loops_ring
D:2:      layout_basic, lemuel_doored_altar, nicolae_overflow_crystal_walls,
          eat_drink_and_be_merry_uskayaw, chequers_ecumenical_altar_simple_redux
D:3:      layout_loops_ring, grunt_temple_overflow_holy_war, old_standard_altar,
          ebering_ghost_sewer_d
D:4:      minmay_evil_eye, layout_cave_pools, first_ration
D:5:      layout_loops_ring, gammafunk_ghost_cemetery
D:6:      layout_loops_corners, grunt_temple_overflow_opulence,
          cheibriados_altar_1
D:7:      layout_basic, minmay_temple_entry_statues_fountains, serial_shops,
          nicolae_shop_behind_doors, xom_confusion_cloud
D:8:      minmay_the_grid_four_pointed_star
          [minmay_the_grid_triangle_9x9_semitri,
          minmay_the_grid_triangle_9x9_sparse_checkered,
          minmay_the_grid_triangle_9x9_swiss_cheese,
          minmay_the_grid_triangle_9x9_wacky_v,
          minmay_the_grid_prize_trominoes], layout_cave_pools, hangedman_ranch
          [blue_anna_fruit_fields]
D:9:      layout_layer_cave, kennysheep_mini,
          chequers_temple_overflow_statue_of_worship, bloody_makhleb
D:10:     layout_loops_ring, david_lair_shrubbed,
          nicolae_dithmenos_shadow_blocks
D:11:     layout_roguey, nicolae_trove_entry_path_of_doom, serial_shops,
          nicolae_shop_trees
D:12:     layout_irregular_city, minmay_orc_entry_guard_dogs, serial_shops,
          shop, uniq_azrael
D:13:     layout_cave_pools, hangedman_vaults_entry_quadrant_bands
D:14:     thingy_vault, layout_layer_cave, serial_glass, glass_columns_b,
          glass_columns_a, glass_columns_a, glass_columns_a, glass_columns_b,
          glass_columns_b, glass_columns_c, glass_columns_b,
          small_statue_intersection, serial_bayou_pond_d,
          hangedman_decor_slide_cut, lemuel_freeze_loot_1
Lair:1:   layout_gridlike, uniq_sonja
Lair:2:   layout_cave_shapes, nicolae_spider_entry_non_spiders,
          grunt_megastairs_2, uniq_harold, uniq_maggie, uniq_prince_ribbit2
Lair:3:   layout_cave_shapes
Lair:4:   layout_misc_corridors, elwin_shoals_entry_rocks,
          nicolae_lair_yak_garden
Lair:5:   layout_regular_city, roderic_carrion_pond
Lair:6:   minmay_lair_end_frog_pond, layout_cave_pods, dpeg_slime_entry_corner,
          portal_ice_cave_entry_animals_and_master
Orc:1:    layout_diamond_mine, uniq_fannar
Orc:2:    st_orc_town, layout_caves, nicolae_orc_lava_room, uniq_snorg

Skill      XL: |  1  2  3  4  5  6  7  8  9 10 11 12 13 14 15 |
---------------+----------------------------------------------+-----
Fighting       | 4 5 6 7 9 10 11 12 | 12.9
Dodging        | 1 2 3 5 7 9 10 | 10.1
Polearms       | 3 4 5 7 8 10 11 13 14 15 16 | 16.3
Armour         | 4 6 9 10 | 10.3
Translocations | 2 5 6 8 9 |  9.0
Invocations    | 3 6 8 10 11 | 11.1
Summonings     | 2 5 |  5.4
Shields        | |  3.2

Action                   |  1- 3 |  4- 6 |  7- 9 | 10-12 | 13-15 || total
-------------------------+-------+-------+-------+-------+-------++-------
Melee: Trident           |   195 |   203 |   397 |   739 |   109 ||  1643
       Glaive            |       |       |       |       |  1148 ||  1148
 Fire: Hand crossbow     |       |       |       |     4 |       ||     4
       Arbalest          |       |       |       |       |    27 ||    27
Throw: Dart              |       |     7 |    30 |    44 |    11 ||    92
Invok: Slouch            |       |       |       |     2 |     6 ||     8
       Bend Time         |       |       |       |     1 |     1 ||     2
       Step From Time    |       |       |       |       |     1 ||     1
 Abil: Hop               |       |       |     1 |     1 |     2 ||     4
Evoke: Wand              |       |       |       |     5 |       ||     5
  Use: Scroll            |     4 |     5 |    11 |     6 |    17 ||    43
       Potion            |       |       |     2 |       |     2 ||     4
 Stab: Sleeping          |       |       |     5 |    12 |    14 ||    31
       Distracted        |       |       |     1 |     1 |     4 ||     6
       Petrifying        |       |       |       |     1 |       ||     1
       Petrified         |       |       |       |       |    19 ||    19
  Eat: Chunk             |     2 |     6 |     3 |    12 |    17 ||    40
       Ration            |       |       |     2 |       |     1 ||     3
Armor: Scale mail        |    83 |    87 |    62 |       |       ||   232
       Shadow dragon sca |       |       |   114 |   402 |   412 ||   928
       Ice dragon scales |       |       |       |       |    99 ||    99
Dodge: Dodged            |    55 |    59 |    91 |   286 |  1513 ||  2004
Block: Shield            |    81 |    87 |   132 |   462 |    47 ||   809

Table legend:
 A = Non-vault XP
 B = Vault XP
 C = Vault XP percentage of total XP
 D = Non-vault monster count
 E = Vault monster count
 F = Vault count percentage of total count
                 A         B        C        D         E       F
            +---------+---------+-------+---------+---------+-------
      Total |   62986 |   58863 |  48.3 |     431 |     253 |  37.0
            +---------+---------+-------+---------+---------+-------
        D:1 |      42 |       9 |  17.6 |      24 |       8 |  25.0
        D:2 |      51 |       0 |   0.0 |      29 |       0 |   0.0
        D:3 |      64 |       0 |   0.0 |      16 |       0 |   0.0
        D:4 |     414 |      42 |   9.2 |      14 |       2 |  12.5
        D:5 |     615 |       0 |   0.0 |      19 |       0 |   0.0
        D:6 |     420 |       0 |   0.0 |      12 |       0 |   0.0
        D:7 |     913 |     384 |  29.6 |      28 |       3 |   9.7
        D:8 |     874 |    5567 |  86.4 |      20 |      16 |  44.4
        D:9 |     537 |       0 |   0.0 |      11 |       0 |   0.0
       D:10 |    1788 |     350 |  16.4 |      33 |       1 |   2.9
       D:11 |    3472 |     346 |   9.1 |      22 |       1 |   4.3
       D:12 |    3287 |    2926 |  47.1 |      11 |      11 |  50.0
       D:13 |    5327 |    4793 |  47.4 |      20 |      18 |  47.4
       D:14 |   10136 |       0 |   0.0 |      25 |       0 |   0.0
     Lair:1 |    4788 |     814 |  14.5 |      22 |       1 |   4.3
     Lair:2 |    3269 |    3385 |  50.9 |      16 |      15 |  48.4
     Lair:3 |    2166 |       0 |   0.0 |      13 |       0 |   0.0
     Lair:4 |    2238 |    2374 |  51.5 |       8 |       5 |  38.5
     Lair:5 |    9285 |    1512 |  14.0 |      21 |       8 |  27.6
     Lair:6 |    9366 |   14351 |  60.5 |      20 |      54 |  73.0
      Orc:1 |    1727 |       0 |   0.0 |      14 |       0 |   0.0
      Orc:2 |    2207 |    8939 |  80.2 |      33 |      60 |  64.5
      IceCv |       0 |   13071 | 100.0 |       0 |      50 | 100.0
            +---------+---------+-------+---------+---------+-------
